 BcadrenCrawl: Boulder Brew version 0.06-688-g08e91b2d95 (webtiles) character file.

Game seed: 5814350135165010823

44 pipel the Firebug (level 3, 0/4 HPs) Fairy Fire Elementalist. Began on Dec 24, 2022. Slain by a sewer rat (1 damage) ... on level 1 of the Dungeon. The game lasted 00:02:53 (529 turns).

pipel the Firebug (Fairy Fire Elementalist)          Turns: 529, Time: 00:02:54

Health: 0/4        AC:  0    Str:  2    XL:     3 ^: 33
Magic:  1/3        EV: 20    Int: 18    God:
Gold:   59         SH:  0    Dex: 17    Spells: 5/8 levels left

rFire    . . .     Slash    +   (no jewelry)
rCold    . . .     Pierce   +
rNeg     . . .     Bludgeon +
rCorr    . . .     Vision   .
rPois    .         Gourm    .
rElec    .         Faith    .
MR       .....     Spirit   .
HPRegen  0.11/turn Reflect  .
MPRegen  0.13/turn Harm     .
Stlth    +.........

@: glowing, slow
A: tiny, no armour or weapons, only one jewelry slot, no melee attacks, fairy
magic, fairy shield, decreased potion and divine healing, unfitting armour,
flight, slowness 1, fairy light 1, insubstantial
a: Fly


You were on level 1 of the Dungeon.
You were not hungry.

You visited 1 branch of the dungeon, and saw 2 of its levels.

You collected 59 gold pieces.

Inventory:

Jewellery
 c - an uncursed ring of magical power
 f - an uncursed amulet of rage
 g - a cursed ring of strength {(Curse: rF-)}
Potions
 d - a potion of amnesia
 e - a potion of magic
Comestibles
 b - a ration


   Skills:
 + Level 2.8 Dodging
 - Level 1.4 Stealth
 + Level 3.4 Spellcasting
 + Level 4.2 Fire Magic


You had 5 spell levels left.
You knew the following spells:

 Your Spells              Type           Power        Failure   Level  Hunger
a - Foxfire               Fire           18 (25)      2%          1    0
b - Searing Ray           Fire           18 (50)      4%          2    19-59

Your spell library contained the following spells:

 Spells                   Type           Power        Failure   Level  Hunger
 Conjure Flame Fire 18 (100) 9% 3 59-119 Inner Flame Hex/Fire 10 (100) 21% 3 59-119 Sticky Flame Fire/Pois 10 (100) 54% 4 139-239 Fireball Fire           18 (200)     58%         5    259-419


Dungeon Overview and Level Annotations

Branches:
Dungeon (2/8)

Altars:


Innate Abilities, Weirdness & Mutations

You are too small to use any gear.
You can wear a single ring or amulet completely around your body.
You are incapable of melee of any kind.
Your magic reserves are extremely low but spells that normally cost one mana are free and all other spells cost one mana.
You are extremely frail but all attacks that strike you do exactly one damage.
The effect of potions and godly healing effects is reduced to match your tiny health and magic reserves.
You are able to fly continuously.
You cover ground slowly.
You exude a bright light in a small radius around yourself.
Your insubstantial form grants resistance to all physical attack and full immunity to sticky flames, nets and constriction. (rPhysical+)


Message History

The searing ray hits the sewer rat but does no damage.
The sewer rat is lightly wounded. (9/10) HP The sewer rat barely misses you.
The searing ray hits the sewer rat (3).
The sewer rat partially resists.
The sewer rat is heavily wounded. (6/10) HP You finish channeling your searing ray.
The sewer rat bites you (4).
Casting: Searing Ray (safe; 4% risk of failure)
Confirm with . or Enter, or press ? or * to list all spells.
Aiming: Searing Ray (safe; 4% risk of failure)
Press: ? - help, Shift-Dir - straight line, f/p - sewer rat
Aim: a submerged sewer rat (steam, 77%, 77% to-hit, heavily wounded (6/10), 52% (Melee), haloed)
The searing ray hits the sewer rat (1).
The sewer rat partially resists.
The sewer rat is heavily wounded. (5/10) HP (Press . to maintain the ray.)
The sewer rat bites you (3).
The searing ray misses the sewer rat.
You are engulfed in a cloud of scalding steam (8)!
* * * LOW HITPOINT WARNING * * *
The sewer rat bites you (6).
You die...

..........#..........##..........
.......#..##......#..............
......##....#....##..............
......#.....#....##..#......#...#
........##.#........##.......####
.....#....##.........#.#......#
...#.......#....##.....#..#..##
...#..)........≈≈###...####..##
#.##....#......≈@# #...# #....#
#####..###...#.≈r# ##### ###.##
#### ##.###### ### ###


You could see a submerged sewer rat.

Vanquished Creatures
  A giant cockroach (D:1)
  A cinder newt (D:1)
  A dart slug (D:1)
  A leopard gecko (D:1)
  3 bats (D:1)
  2 goblins (D:1)
  5 hobgoblins (D:1)
  4 kobolds (D:1)
  2 rats (D:1)
20 creatures vanquished.

Vanquished Creatures (others)
  71 foxfires
71 creatures vanquished.

Grand Total: 91 creatures vanquished

Notes
Turn   | Place    | Note
-------+----------+-------------------------------------------
     0 | D:1      | pipel the Fairy Fire Elementalist began the quest for the
                  | Orb.
     0 | D:1      | Reached XP level 1. HP: 3/3 MP: 3/3
   117 | D:1      | Reached XP level 2. HP: 2/3 MP: 3/3
   121 | D:1      | Learned a level 2 spell: Searing Ray
   129 | D:1      | Reached skill level 4 in Fire Magic
   142 | D:1      | Reached XP level 3. HP: 4/4 MP: 3/3
   529 | D:1      | Slain by a sewer rat

Illustrated notes

Levels and vault maps discovered:
D:1:      moated_graveyard_arrival, layout_cave_pools
D:2:      layout_sewer, nicolae_gozag_cash_rules_everything_around_me,
          elyvilon_altar_4, first_ration

Skill      XL: |  1  2 |
---------------+-------+-----
Spellcasting   | 3 |  3.4
Fire Magic     | 4 |  4.2
Dodging        | |  2.8
Stealth        | |  1.4

Action                   || total
-------------------------++-------
 Cast: Foxfire           ||    43
       Searing Ray       ||     5
Dodge: Dodged            ||     4
